 Dungeon Crawl Stone Soup version 0.28.0 (webtiles) character file.

Game seed: 4532676104807580540

1513 RaderH2O the Spear-Bearer (level 8, -26/71 HPs)
             Began as a Minotaur Berserker on Feb 15, 2022.
             Was a Priest of Trog.
             Annihilated by a white ugly thing (30 damage)
             ... on level 6 of the Dungeon.
             The game lasted 00:14:49 (6206 turns).

RaderH2O the Spear-Bearer (Minotaur Berserker)      Turns: 6206, Time: 00:14:50

Health: -26/71     AC:  7    Str: 25    XL:     8   Next: 53%
Magic:  7/7        EV: 15    Int:  4    God:    Trog [***...]
Gold:   139        SH:  0    Dex:  9    Spells: 7/7 levels left

rFire   . . .      SeeInvis .   a - +0 spear
rCold   . . .      Faith    .   (no shield)
rNeg    . . .      Spirit   .   o - +0 scale mail
rPois   .          Reflect  .   (helmet restricted)
rElec   .          Harm     .   (no cloak)
rCorr   .          Rampage  .   (no gloves)
Will    .....                   (no boots)
Stlth   ..........              (no amulet)
HPRegen 0.21/turn               q - +4 ring of evasion
MPRegen 0.10/turn               (no ring)

@: on berserk cooldown, slowed, very slow
A: horns 2, retaliatory headbutt
a: Renounce Religion, Berserk, Trog's Hand


You were on level 6 of the Dungeon.
You worshipped Trog.
Trog was most pleased with you.
You visited 1 branch of the dungeon, and saw 6 of its levels.

You collected 216 gold pieces.
You spent 77 gold pieces at shops.

Inventory:

Hand Weapons
 a - a +0 spear (weapon)
Missiles
 h - 7 poisoned darts (quivered)
Armour
 b - a +0 animal skin
 j - a +0 ring mail
 k - an orb of wrath
 o - a +0 scale mail (worn)
Jewellery
 q - a +4 ring of evasion (left hand)
 u - an amulet of faith
Wands
 i - a wand of flame (8)
Scrolls
 d - 4 scrolls of fear
 e - a scroll of fog
 g - a scroll of magic mapping
 m - a scroll of enchant weapon {unknown}
 n - 3 scrolls of identify {unknown}
 p - a scroll of enchant armour {unknown}
Potions
 c - 2 potions of attraction {unknown}
 f - 5 potions of curing {unknown}
 l - a potion of haste {unknown}
 r - a potion of cancellation {unknown}
 s - a potion of brilliance {unknown}
 t - 2 potions of lignification {unknown}


   Skills:
 + Level 6.7 Fighting
 + Level 8.6 Polearms
 + Level 6.5 Armour
 + Level 5.0 Dodging
 + Level 2.0 Stealth


You had 7 spell levels left.
You didn't know any spells.
Your spell library was empty.

Dungeon Overview and Level Annotations

Branches:
Dungeon (6/15)
 Temple: D:4-7

Altars:
Hepliaklqana
Qazlal
Ru
Uskayaw
Xom
Zin

Shops:
D:1 :   D:3 ?   D:6 *

Annotations:
D:5 2 runed translucent doors, altcumming's ghost, amateur MiFi
D:6 Blork the orc


Innate Abilities, Weirdness & Mutations

You have a pair of horns on your head.
You reflexively headbutt those who attack you in melee.


Message History

You barely miss Menkaure. You headbutt Menkaure!
Menkaure is heavily damaged.
You hit Menkaure.
Menkaure is severely damaged.
You puncture Menkaure!
You destroy Menkaure!
Trog accepts your kill.
Trog appreciates your killing of a magic user.
Your Dodging skill increases to level 5!
Your Stealth skill increases to level 2!
You feel a strong urge to attack something.
A white ugly thing is nearby!
A white ugly thing is nearby!
A white ugly thing is nearby!
The white ugly thing gurgles horribly!
You feel your anger nearly subside.
You are no longer berserk.
You are exhausted.
You feel yourself slow down.
The white ugly thing closely misses you.
You hit the white ugly thing.
Your headbutt misses the white ugly thing.
The white ugly thing is lightly wounded.
The white ugly thing closely misses you.
You furiously retaliate!
You headbutt the white ugly thing! You barely miss the white ugly thing.
Your headbutt misses the white ugly thing.
The white ugly thing is lightly wounded.
The white ugly thing bites you! The white ugly thing freezes you!
You hit the white ugly thing but do no damage.
The white ugly thing is lightly wounded.
The white ugly thing completely misses you.
As you read the scroll of fog, it crumbles to dust.
The scroll dissolves into smoke.
The white ugly thing bites you! The white ugly thing freezes you!!
* * * LOW HITPOINT WARNING * * *
The white ugly thing bites you!
* * * LOW HITPOINT WARNING * * *
The white ugly thing freezes you!!
You die...

#....#
#....#............+
#....#...)........#
#....#...)........#
#....#............#
#....#........(...##
#....#..............
#.§u§#..............
#..@§#..............
#.§§§#..............
#....#..............
#....#............##
#....#............#
#....#............#
#[...⌠.⌠..........#
#.....∩...........#
#....⌠.⌠..........#


You could see a white ugly thing.

Vanquished Creatures
  A steam dragon (D:3)
  Menkaure (D:6)
  2 black bears (D:5)
  A sky beast (D:5)
  2 necrophages
  An ogre (D:5)
  2 scorpions
  A water moccasin zombie (D:5)
  2 water moccasin skeletons (D:5)
  2 hounds (D:5)
  An orc priest (D:4)
  2 jellies (D:5)
  A centaur skeleton (D:5)
  A bullfrog skeleton (D:5)
  An orc wizard (D:4)
  8 gnolls
  8 adders
  4 worms
  2 dart slugs (D:2)
  14 orcs
  6 ball pythons
  6 endoplasms
  4 giant cockroaches
  6 goblins
  7 hobgoblins
  2 quokkas
  4 bats (D:1)
  3 frilled lizards
  5 kobolds
  5 rats
105 creatures vanquished.

Notes
Turn   | Place    | Note
-------+----------+-------------------------------------------
     0 | D:1      | RaderH2O the Minotaur Berserker began the quest for the
                  | Orb.
     0 | D:1      | Reached XP level 1. HP: 19/19 MP: 0/0
   307 | D:1      | Found Gaefrev's Book Emporium.
   390 | D:1      | Reached skill level 4 in Polearms
   392 | D:1      | Reached XP level 2. HP: 24/27 MP: 1/1
  1188 | D:2      | Reached XP level 3. HP: 33/33 MP: 2/2
  1517 | D:2      | Reached ** piety under Trog
  1699 | D:2      | Reached XP level 4. HP: 37/41 MP: 3/3
  2342 | D:3      | Noticed a necrophage
  2351 | D:3      | Killed a necrophage
  2352 | D:3      | Reached skill level 5 in Polearms
  2352 | D:3      | Reached skill level 1 in Stealth
  2352 | D:3      | Reached XP level 5. HP: 47/47 MP: 4/4
  2662 | D:3      | Found Diacref's Magic Scroll Shoppe.
  2669 | D:3      | Bought a scroll of fear for 49 gold pieces
  2669 | D:3      | Bought a scroll of fog for 28 gold pieces
  2727 | D:3      | Found a glowing drain.
  3143 | D:3      | Found a hide-covered altar of Uskayaw.
  3189 | D:3      | Noticed a steam dragon
  3200 | D:3      | Killed a steam dragon
  3201 | D:3      | Reached skill level 5 in Fighting
  3201 | D:3      | Reached skill level 6 in Polearms
  3201 | D:3      | Reached XP level 6. HP: 41/56 MP: 5/5
  3553 | D:4      | Reached *** piety under Trog
  4323 | D:4      | Reached skill level 7 in Polearms
  4323 | D:4      | Reached XP level 7. HP: 61/61 MP: 6/6
  4554 | D:5      | Entered Level 5 of the Dungeon
  5166 | D:5      | Reached skill level 5 in Armour
  5181 | D:5      | Reached XP level 8. HP: 55/70 MP: 7/7
  5530 | D:5      | Found a shimmering altar of Xom.
  5532 | D:5      | Found a hazy altar of Hepliaklqana.
  5532 | D:5      | Found a sacrificial altar of Ru.
  5532 | D:5      | Found a glowing silver altar of Zin.
  5532 | D:5      | Found a stormy altar of Qazlal.
  5622 | D:5      | Reached skill level 8 in Polearms
  5757 | D:5      | Found a large runed translucent door.
  5757 | D:5      | Found a large runed translucent door.
  5760 | D:5      | Noticed altcumming's ghost (amateur MiFi)
  5876 | D:6      | Noticed Blork the orc
  6079 | D:6      | Found Zuopaota's Assorted Antiques.
  6146 | D:6      | Noticed Menkaure
  6151 | D:6      | Noticed a white ugly thing
  6196 | D:6      | Killed Menkaure
  6197 | D:6      | Reached skill level 5 in Dodging
  6206 | D:6      | Annihilated by a white ugly thing

Illustrated notes

Levels and vault maps discovered:
D:1:      mainiacjoe_arrival_reflecting_pool, layout_loops_ring, serial_shops,
          nicolae_square_shop
D:2:      layout_basic
D:3:      layout_loops_ring, lemuel_coloured_pillars_altar, serial_shops,
          nicolae_shop_statue_plus, cheibrodos_sewer_entry_drain
D:4:      layout_basic
D:5:      layout_loops_ring, grunt_temple_overflow_open,
          ebering_ghost_disaster_area
D:6:      layout_gridville, serial_shops, shop_fountains,
          kennysheep_generic_room_13, uniq_blork_the_orc, uniq_prince_ribbit1,
          uniq_maggie, uniq_menkaure

Skill      XL: |  1  2  3  4  5  6  7  8 |
---------------+-------------------------+-----
Polearms       | 4 5 6 7 8 |  8.6
Fighting       | 4 5 6 |  6.7
Dodging        | 3 4 5 |  5.0
Stealth        | 1 2 |  2.0
Armour         | 3 5 6 |  6.5

Action                   |  1- 3 |  4- 6 |  7- 9 || total
-------------------------+-------+-------+-------++-------
Melee: Spear             |    86 |   127 |   121 ||   334
       Headbutt          |    12 |    19 |    15 ||    46
       Punch             |       |       |     2 ||     2
Throw: Dart              |       |       |     1 ||     1
Invok: Berserk           |       |     3 |     1 ||     4
  Use: Scroll            |     1 |       |     1 ||     2
 Stab: Sleeping          |     2 |     1 |       ||     3
Armor: Animal skin       |    17 |     3 |       ||    20
       Ring mail         |       |     7 |       ||     7
       Scale mail        |       |     1 |    32 ||    33
Dodge: Dodged            |    43 |    55 |    74 ||   172
